Map: Prion Terraces

Players

Jason - Winner!

  • Race: Terran Terran
  • League: Grandmaster

TRAGIC

  • Race: Terran Terran
  • League: Master

VOD

Have the link to the VOD?

Description

Time

  • Played on: Jan. 23, 2016, 4:04 p.m.
  • Length: 8:45
Show
View Real Time Build Order
Export as new Build Order

Jason Terran - Winner!

Build Orders: Reaper Expand, MMM Bio 

Get SALT Encoding   

  12  0:02  SCV  
  13  0:14  SCV  
  13  0:17  Supply Depot  
  14  0:26  SCV  
  15  0:39  SCV  
  16  0:43  Barracks  
  16  0:48  Refinery  
  16  0:51  SCV  
  17  1:03  SCV  
  18  1:15  SCV  
  19  1:31  Orbital Command  
  19  1:32  Reaper  
  20  1:42  Command Center  
  20  1:55  Supply Depot  
  20  1:57  SCV  
  21  2:04  Reaper  
  21  2:06  Refinery  
  22  2:10  SCV  
  23  2:25  SCV  
  23  2:28  Factory  
  24  2:37  SCV  
  24  2:42  Barracks Reactor  
  25  2:49  SCV  
  26  2:54  Bunker, Orbital Command  
  26  3:01  SCV  
  27  3:14  SCV  
  27  3:15  Factory Tech Lab  
  27  3:16  Starport  
  28  3:20  Marine x2  
  28  3:23  SCV  
  28  3:26  SCV  
  32  3:35  SCV  
  32  3:36  Cyclone  
  32  3:38  Marine x2  
  32  3:40  SCV  
  39  3:47  SCV  
  39  3:48  Supply Depot  
  40  3:51  Engineering Bay  
  40  3:52  SCV  
  41  3:56  Viking  
  41  3:59  SCV  
  42  4:04  SCV, Marine x2  
  45  4:11  SCV  
  45  4:12  Cyclone  
  45  4:16  SCV  
  50  4:19  Missile Turret  
  50  4:20  Supply Depot, Missile Turret  
  50  4:23  SCV, Marine x2  
  53  4:28  SCV  
  54  4:38  Supply Depot  
  54  4:42  SCV x2, Viking, Marine  
  54  4:43  Marine  
  60  4:49  Barracks  
  60  4:51  Barracks  
  60  4:54  SCV  
  61  5:13  Marine x2  
  63  5:14  Siege Tank  
  63  5:15  Viking  
  63  5:16  SCV  
  63  5:17  SCV  
  63  5:20  Refinery  
  70  5:22  Refinery, Barracks x2  
  70  5:33  Supply Depot  
  70  5:36  SCV x2, Supply Depot  
  70  5:37  Terran Infantry Weapons Level 1  
  70  5:38  Barracks Tech Lab  
  70  5:40  Barracks Tech Lab  
  70  5:42  Marine  
  73  5:48  SCV x2  
  75  5:50  Marine  
  75  5:54  Starport Reactor  
  76  5:58  Marine x2  
  76  6:00  SCV x2, Stimpack, Marine  
  76  6:03  Supply Depot  
  81  6:08  Marine  
  81  6:09  Combat Shields  
  82  6:12  SCV x2  
  82  6:13  Barracks Reactor  
  82  6:14  Marine  
  82  6:16  Marine  
  86  6:22  Marine x2  
  86  6:24  Siege Tank  
  86  6:25  SCV x2  
  93  6:30  Supply Depot, Marine  
  94  6:37  SCV  
  95  6:45  Medivac  
  97  6:47  Marine x2  
  97  6:48  Marine x3  
  102  6:58  SCV  
  102  7:00  SCV, Marine  
  102  7:01  Marine  
  102  7:02  Siege Tank  
  102  7:05  Marine x3  
  102  7:06  Marine  
  110  7:11  Supply Depot, Marine  
  110  7:12  Supply Depot  
  111  7:17  Medivac  
  111  7:18  Marine  
  111  7:19  Marine  
  111  7:20  Medivac  
  117  7:23  Marine  
  117  7:28  Supply Depot  
  117  7:29  Supply Depot  
  118  7:32  Marine x4  
  118  7:35  Marine  
  123  7:38  Marine  
  123  7:40  Siege Tank  
  123  7:41  Marine  
  123  7:44  SCV  
  129  7:50  Marine x4  
  133  7:53  Marine  
  133  7:56  Marine  
  132  8:01  Marine  
  131  8:08  Marine x2  
  131  8:09  Marine x2  
  131  8:11  Marine  
  136  8:14  Marine  
  136  8:19  Marine  
  141  8:23  SCV  
  141  8:25  Marine  
  141  8:26  Marine  
Show
View Real Time Build Order
Export as new Build Order

TRAGIC Terran 

Build Orders: Reaper Expand 

Get SALT Encoding   

  12  0:01  SCV  
  13  0:18  SCV  
  14  0:22  Supply Depot  
  14  0:30  SCV  
  15  0:44  SCV  
  15  0:45  Barracks  
  15  0:48  Refinery  
  16  0:56  SCV  
  17  1:08  SCV  
  18  1:20  SCV  
  19  1:32  Orbital Command  
  19  1:34  Reaper  
  20  1:47  Command Center  
  20  1:56  Supply Depot  
  20  1:58  SCV  
  21  2:08  Marine  
  22  2:11  Factory  
  22  2:14  SCV  
  23  2:26  Barracks Reactor, SCV  
  24  2:39  SCV  
  24  2:40  Refinery  
  24  2:51  SCV  
  24  2:56  Hellion  
  27  3:03  Marine  
  27  3:04  Starport, Marine  
  29  3:08  SCV  
  29  3:10  Orbital Command  
  30  3:22  Factory Tech Lab  
  30  3:23  Marine x2  
  32  3:28  SCV  
  33  3:38  SCV  
  33  3:40  SCV, Supply Depot  
  35  3:41  Marine x2  
  35  3:47  Siege Tank  
  40  3:51  SCV  
  40  3:52  SCV, Medivac  
  44  4:03  SCV, Marine x2  
  44  4:04  SCV  
  44  4:07  Supply Depot  
  48  4:20  SCV x2, Marine  
  48  4:21  Marine  
  52  4:25  Supply Depot  
  52  4:29  Siege Tank  
  55  4:37  Barracks  
  55  4:38  SCV, Barracks  
  55  4:39  Refinery  
  55  4:41  SCV  
  55  4:43  Starport Reactor  
  57  4:47  Supply Depot  
  57  4:56  Marine x2  
  58  5:14  Marine x2  
  58  5:15  SCV x2  
  58  5:17  Engineering Bay  
  62  5:35  SCV x2, Starport Reactor  
  64  5:38  Marine x2  
  64  5:39  Stimpack, Marine  
  64  5:40  Command Center  
  64  5:41  Marine x2  
  69  5:45  Factory Tech Lab  
  69  5:47  SCV x2  
  71  5:52  Terran Infantry Weapons Level 1, Refinery  
  71  5:56  Marine x2  
  73  5:57  Marine  
  73  5:59  SCV  
  73  6:00  SCV  
  73  6:03  Supply Depot  
  76  6:15  Marine x2  
  76  6:17  Marine x2  
  78  6:24  SCV x2, Medivac x2, Marine  
  84  6:36  SCV x2  
  85  6:43  Barracks x2  
  84  6:48  SCV x2  
  84  6:52  Siege Tank  
  88  7:00  Medivac x2  
  86  7:02  Orbital Command  
  86  7:04  Supply Depot  
  86  7:13  Marine x4  
  86  7:14  Marine  
  91  7:18  Engineering Bay  
  91  7:20  Supply Depot  
  91  7:21  SCV x2, Supply Depot  
  93  7:25  Siege Tank  
  96  7:31  Marine x4  
  96  7:32  Marine  
  96  7:33  Barracks Reactor x2, SCV  
  96  7:35  Orbital Command  
  96  7:36  SCV  
  103  7:44  Medivac x2  
  105  7:45  SCV  
  105  7:49  Marine x4  
  105  7:50  Marine  
  113  8:04  Siege Tank  
  109  8:06  SCV x2, Marine  
  109  8:07  Marine x4  
  116  8:14  Refinery  
  116  8:15  Refinery  
  116  8:19  Marine x4  
  117  8:24  Marine x2  
  117  8:25  Marine x2  
  117  8:26  SCV x2  
Tags
 
Add a new tag
Caveats
  • Supply blocks, unpowered buildings, or Contaminate may cause inaccurate times.
  • Supply counts are checked every 10 seconds.